 Dungeon Crawl Stone Soup version 0.31-a0-507-gbafd7f5274 (webtiles) character file.

Game seed: 8535767704830524365

2 Sabo the Ducker (level 1, 16/16 HPs)
             Began as a Demonspawn Gladiator on Aug 10, 2023.
             Was a Follower of Fedhas.
             Got out of the dungeon alive.
             The game lasted 00:01:37 (207 turns).

Sabo the Ducker (Demonspawn Gladiator)               Turns: 207, Time: 00:01:38

Health: 16/16      AC:  4    Str: 14    XL:     1   Next: 25%
Magic:  1/1        EV: 12    Int:  9    God:    Fedhas [*.....]
Gold:   14         SH:  0    Dex: 14    Spells: 0/0 levels left

rFire   . . .        a - +0 war axe
rCold   . . .        (no shield)
rNeg    . . .        b - +0 leather armour
rPois   .            c - +0 helmet
rElec   .            (no cloak)
rCorr   .            (no gloves)
SInv    .            (no boots)
Will    .....        (no amulet)
Stlth   +            (no ring)
HPRegen 0.22/turn    (no ring)
MPRegen 0.07/turn

%: no passive effects
@: no status effects
A: no striking features
a: Renounce Religion


You escaped.
You worshipped Fedhas.
Fedhas was aware of your devotion.
You visited 1 branch of the dungeon, and saw 1 of its levels.

You collected 14 gold pieces.

Inventory:

Hand Weapons
 a - a +0 war axe (weapon)
Missiles
 d - 3 throwing nets (quivered)
 e - a javelin
 g - 6 darts of dispersal
Armour
 b - a +0 leather armour (worn)
 c - a +0 helmet (worn)
Scrolls
 f - a scroll of fear {unknown}
 h - a scroll of teleportation {unknown}


   Skills:
 + Level 2.0 Fighting
 + Level 2.6 Axes
 + Level 1.9 Throwing
 + Level 2.7 Dodging


You couldn't memorise any spells.
You didn't know any spells.
Your spell library was empty.

Dungeon Overview and Level Annotations

Branches:
Dungeon (1/15)

Altars:
Fedhas


Message History

Found a scroll labelled HEURUTRIFAY.
A bat comes into view.
Found 6 darts of dispersal.
Found a stone staircase leading down.
The bat hits you but does no damage. The bat barely misses you.
The bat barely misses you.
You see here a scroll labelled HEURUTRIFAY.
You closely miss the bat. The bat barely misses you.
You hit the bat.
The bat is severely wounded.
The bat closely misses you. The bat barely misses you.
You hit the bat.
You kill the bat!
f - a scroll labelled HEURUTRIFAY You see here 6 darts of dispersal.
g - 6 darts of dispersal
Found 14 gold pieces.
You now have 14 gold pieces.
Found a faded altar of an unknown god.
Found a scroll labelled OBEAPL NOZIEBUO.
h - a scroll labelled OBEAPL NOZIEBUO
Found 5 stones.
Found a chain mail.
A goblin comes into view. It is wielding a +0 club.
You slash the goblin!
You kill the goblin!
You completely miss the plant. You slash the plant!
The plant begins to die.
There is a faded altar of an unknown god here.
You see here a +0 club.
This altar belongs to (a) Jiyva, (b) Okawaru or (c) Fedhas, but you can't tell which.
Press the corresponding letter to learn more about a god, or press enter to convert or escape to cancel.
Fedhas accepts your prayer! Fedhas welcomes you!
The plants of the dungeon cease their hostilities.
A nearby plant withers and dies.
You walk carefully through the plants.
You open the door.
There is an open door here.
There is a staircase leading out of the dungeon here.
You can't go down here!
You have escaped!

####### #.....#
####.###.#################.
...........................
...........................
#.........>....#+#....####.
#..#.###########.##...###
#..#.# #P~.♣#.....# #..#.#
#P~@.'.#.#.# #
#..#.#########P~.♣#.....##.##
#............###.####........
#.......###### #'# #....#.##
#..#.#..########.####....#.#
#........................^.#
#.##.#..#############.#.....#
#.##.#..## #.#..#...
..####.... #.#..#.#.


There were no monsters in sight!

Vanquished Creatures
  A goblin (D:1)
  A bat (D:1)
2 creatures vanquished.

Notes
Turn   | Place    | Note
-------+----------+-------------------------------------------
     0 | D:1      | Sabo the Demonspawn Gladiator began the quest for the Orb.
     0 | D:1      | Reached XP level 1. HP: 16/16 MP: 1/1
   112 | D:1      | Found a faded altar of an unknown god.
   148 | D:1      | Prayed at the altar of an unknown god.
   148 | D:1      | Became a worshipper of Fedhas Madash
   148 | D:1      | Reached * piety under Fedhas
   207 | D:$      | Got out of the dungeon alive.

Illustrated notes

Levels and vault maps discovered:
D:1:      tarquinn_simple_flora_water_e, layout_basic,
          shapermc_ecumenical_altar_gd

Action                     || total
---------------------------++-------
  Melee: War axe           ||     4
 Armour: Leather armour    ||     1
  Dodge: Dodged            ||     5

Table legend: (Time is in decaauts)
 A = Elapsed time spent in this place.
 B = Non-inter-level travel time spent in this place.
 C = Inter-level travel time spent in this place.
 D = Time resting spent in this place.
 E = Time spent auto-exploring this place.
 F = Levels seen in this place.
 G = Mean time per level.
                   A        B        C        D        E       F      G
               +--------+--------+--------+--------+--------+-----+--------+
         Total |    209 |    209 |      0 |      0 |      0 |   1 |  209.0 |
       Dungeon |    209 |    209 |      0 |      0 |      0 |   1 |  209.0 |
               +--------+--------+--------+--------+--------+-----+--------+

Top non-repeatable levels by time:
     D:1: 209 daAuts
